 Dungeon Crawl Stone Soup version 0.23.2-30-g0e89c35649 (webtiles) character file.

Game seed: 2035641424770776023

28158 troglodite the Thaumaturge (level 13, -15/90 HPs)
             Began as a Gnoll Skald on June 21, 2019.
             Was an Elder of Hepliaklqana.
             Killed from afar by a frost giant (34 damage)
             ... with a bolt of cold
             ... in an ice cave.
             The game lasted 01:03:36 (13494 turns).

troglodite the Thaumaturge (Gnoll Skald)           Turns: 13494, Time: 01:03:36

Health: -15/90     AC: 25    Str: 14    XL:     13   Next: 37%
Magic:  26/26      EV: 12    Int: 25    God:    Hepliaklqana [****..]
Gold:   501        SH:  0    Dex: 21    Spells: 20/31 levels left

rFire    + . .     SeeInvis .   t - +10 quarterstaff of Barom {crush, rF+ Str-3 Dex+6}
rCold    . . .     Gourm    .   (shield currently unavailable)
rNeg     . . .     Faith    .   R - +6 chain mail "Zeedafin" {Int+5 Slay+3}
rPois    .         Spirit   .   (no helmet)
rElec    .         Reflect  .   D - +2 cloak
rCorr    .         Harm     .   P - +1 pair of gloves
MR       .....                  n - +1 pair of boots
Stlth    ++........             i - amulet of regeneration
HPRegen  0.65/turn              A - +3 ring of strength
MPRegen  0.20/turn              B - ring of stealth

@: no status effects
A: distributed training, reduced essence, fangs 1, strong nose
a: Recall Ancestor, Ancestor Identity, Transference, Idealise, Renounce Religion


You were in an ice cave.
You worshipped Hepliaklqana.
Hepliaklqana was greatly pleased with you.
You were hungry.

You visited 2 branches of the dungeon, and saw 14 of its levels.
You also visited: Ice Cave.

You collected 735 gold pieces.
You spent 234 gold pieces at shops.

Inventory:

Hand Weapons
 t - the +10 quarterstaff of Barom (weapon) {crush, rF+ Str-3 Dex+6}
   (You took it off an orc on level 11 of the Dungeon)

   It inflicts extra damage upon your enemies.
   It affects your strength (-3).
   It affects your dexterity (+6).
   It protects you from fire.
 G - a +7 trident of flaming
Armour
 c - a +0 buckler
 n - a +1 pair of boots (worn)
 D - a +2 cloak (worn)
 P - a +1 pair of gloves (worn)
 R - the +6 chain mail "Zeedafin" (worn) {Int+5 Slay+3}
   (You found it on level 8 of the Dungeon)

   It affects your intelligence (+5).
   It affects your accuracy and damage with ranged weapons and melee attacks
   (+3).
 S - a +0 troll leather armour
Jewellery
 i - an amulet of regeneration (around neck)
 z - an uncursed ring of magical power
 A - a +3 ring of strength (left hand)
 B - a ring of stealth (right hand)
 C - an uncursed ring of fire
 F - an uncursed ring of fire
 L - an uncursed ring of flight
Wands
 o - a wand of iceblast (12)
 w - a wand of random effects (10)
 y - a wand of flame (51)
 J - a wand of paralysis (16)
 M - a wand of acid (30)
Scrolls
 a - a scroll of remove curse
 j - a scroll of identify
 s - a scroll of fear
 v - 7 scrolls of teleportation
 O - a scroll of magic mapping
Potions
 b - 2 potions of invisibility
 e - 6 potions of flight
 f - a potion of ambrosia
 g - 3 potions of cancellation
 h - a potion of haste
 k - 3 potions of heal wounds
 l - 2 potions of magic
 m - 3 potions of curing
 q - 2 potions of lignification
 r - 5 potions of brilliance
 u - 5 potions of mutation
 x - 2 potions of might
 N - a potion of agility
Miscellaneous
 K - a crystal ball of energy
Comestibles
 d - 21 rations
 p - 12 chunks of flesh


   Skills:
 + Level 9.3 Fighting
 + Level 8.1 Short Blades
 + Level 8.1 Long Blades
 + Level 8.1 Axes
 + Level 9.3 Maces & Flails
 + Level 8.1 Polearms
 + Level 8.1 Staves
 + Level 8.1 Slings
 + Level 8.1 Bows
 + Level 8.1 Crossbows
 + Level 8.1 Throwing
 + Level 8.5 Armour
 + Level 9.3 Dodging
 + Level 8.1 Stealth
 + Level 8.1 Shields
 + Level 8.1 Unarmed Combat
 + Level 9.5 Spellcasting
 + Level 6.7 Conjurations
 + Level 6.7 Hexes
 + Level 8.8 Charms
 + Level 6.7 Summonings
 + Level 6.7 Necromancy
 + Level 6.7 Translocations
 + Level 6.7 Transmutations
 + Level 6.7 Fire Magic
 + Level 6.7 Ice Magic
 + Level 6.7 Air Magic
 + Level 6.7 Earth Magic
 + Level 6.7 Poison Magic
 + Level 8.8 Invocations
 + Level 8.1 Evocations


You had 20 spell levels left.
You knew the following spells:

 Your Spells              Type           Power        Failure   Level  Hunger
a - Infusion              Chrm           ####         2%          1    None
b - Spectral Weapon       Hex/Chrm       ######..     11%         3    None
c - Regeneration          Chrm/Necr      ######....   11%         3    None
d - Vampiric Draining     Necr           #####.....   16%         3    None
e - Pain                  Necr           ####         5%          1    None

Your spell library contained the following spells:

 Spells                   Type           Power        Failure   Level  Hunger
 Song of Slaying          Chrm           ######..     3%          2    None
 Animate Skeleton         Necr           N/A          5%          1    None
 Beastly Appendage        Tmut           #####.       5%          1    None
 Shroud of Golubria       Chrm/Tloc      ######....   5%          2    None
 Sticks to Snakes         Tmut           #####...     8%          2    None
 Spider Form              Tmut/Pois      #####.....   16%         3    None
 Animate Dead             Necr           N/A          45%         4    #......
 Ice Form                 Ice/Tmut       #####...     45%         4    #......
 Blade Hands              Tmut           #####.....   82%         5    ####...
 Metabolic Englaciation   Hex/Ice        #####.....   82%         5    ####...
 Bolt of Cold             Conj/Ice       #####.....   100%        6    ######.
 Freezing Cloud           Conj/Ice/Air   #####.....   100%        6    ######.
 Ozocubu's Refrigeration  Ice            #####.....   100%        6    ######.
 Simulacrum               Ice/Necr       #####.....   100%        6    ######.


Dungeon Overview and Level Annotations

Branches:
Dungeon (13/15)            Temple (0/1) D:7            Lair (0/6) D:10
    Orc (1/2) D:12
 Vaults: D:13-14

Altars:
Fedhas
Gozag
Hepliaklqana
Kikubaaqudgha
Beogh

Shops:
D:5 [   D:8 (   D:10 *

Annotations:
D:2 Sigmund
D:11 exclusion: obsidian statue


Innate Abilities, Weirdness & Mutations

Your experience applies equally to all skills.
You have very sharp teeth.
Your uncanny sense of smell can sniff out nearby items.
Your life essence is reduced to manifest your ancestor. (-10% HP)


Message History

The frost giant freezes you!
The frost giant hits your spectral weapon with a +2 battleaxe of freezing!
Your spectral weapon shares its damage with you!
The frost giant freezes your spectral weapon.
The frost giant hits Mirna with a +2 battleaxe of freezing!
The frost giant freezes Mirna.
Mirna is destroyed!
A polar bear comes into view.
The frost giant hits your spectral weapon with a +2 battleaxe of freezing!!
Your spectral weapon shares its damage with you!
The frost giant freezes your spectral weapon.
Your spectral weapon fades away.
* * * LOW HITPOINT WARNING * * *
The frost giant gestures at you while chanting.
The bolt of cold hits you!
* * * LOW HITPOINT WARNING * * *
The polar bear growls angrily.
The frost giant gestures at you while chanting.
The bolt of cold hits you!!
You die...

#∆∆#...####
##.##
#"$#....#.#
##.#.#
#..h...#.##
##.#R##
#.#.#.#..#.##
#.#### #
####.##.# #..#
#####.##
##..##
##..#C##
##.÷..#
#.÷.#..#
#..†..##
##.##.@.#
##..#...#
#..###⌠.#
#..###÷.##
#.###..####.##
##..# #..#####
#..# ##.#
###...## ##..#
##.# #}.#...#
#..## #.##
##.#...# #.##
#.## ####..##
#..# #..#
#...###..#
##.#


You could see a frost giant.

Vanquished Creatures
  An ettin (Orc:1)
  Erica (D:9)
  A death yak (IceCv)
  An unseen horror (D:13)
  Pikel (D:3)
  2 ugly things (D:11)
  A cyclops (D:11)
  Joseph (D:8)
  6 gargoyles
  An ice statue (IceCv)
  A rime drake (IceCv)
  Psyche (D:11)
  A tengu conjurer (D:10)
  4 trolls
  13 polar bears (IceCv)
  Grinder (D:6)
  6 slime creatures (D:12)
  A hippogriff (D:11)
  A shadow (D:12)
  26 yaks
  A wyvern (D:11)
  2 vampire mosquitoes (D:12)
  4 hungry ghosts
  2 wargs (D:10)
  A water moccasin (D:8)
  5 orc warriors
  A slave (D:3)
  3 sky beasts
  2 ice beasts
  9 ogres
  3 phantoms
  2 centaurs
  18 wolves (IceCv)
  A big kobold (D:11)
  5 bullfrogs
  A gnoll sergeant (D:9)
  3 scorpions
  3 killer bees
  2 vampire bats (D:9)
  5 wights
  7 howler monkeys
  A hexer (D:11)
  7 crimson imps
  A bullfrog zombie (D:5)
  3 jellies
  A quasit (D:9)
  Crazy Yiuf (D:5)
  3 bullfrog skeletons
  6 hounds
  11 orc wizards
  A centaur skeleton (D:11)
  9 orc priests
  A gnoll shaman (D:9)
  5 iguanas
  Terence (D:3)
  12 worker ants
  Natasha (thrice) (D:2)
  A killer bee zombie (D:9)
  A worker ant zombie (D:9)
  A howler monkey skeleton (D:8)
  16 adders
  A shadow imp (D:12)
  3 adder skeletons
  An adder zombie (D:8)
  2 worms
  5 dart slugs
  6 leopard geckos
  24 orcs
  2 ball pythons (D:6)
  8 bats
  2 bat skeletons (D:9)
  2 bat zombies (D:9)
  4 giant cockroaches
  6 goblins
  9 hobgoblins
  6 jackals
  9 kobolds
  4 quokkas
  A ball python skeleton (D:4)
  2 frilled lizards
  A leopard gecko skeleton (D:7)
  A quokka skeleton (D:4)
  7 rats
342 creatures vanquished.

Vanquished Creatures (collateral kills)
  A cyclops (D:9)
  A polar bear (IceCv)
  A hornet (D:9)
  3 slime creatures (D:12)
  A wraith (D:12)
  3 yaks
  A basilisk (D:11)
  2 hungry ghosts (D:11)
  Edmund (D:5)
  An orc warrior (D:8)
  2 phantoms (D:7)
  2 ogres
  A necrophage (D:6)
  An ice beast (D:8)
  A killer bee (D:9)
  2 wights (D:11)
  A bullfrog zombie (D:13)
  An orc wizard (D:10)
  A worker ant (D:5)
  A hound skeleton (D:6)
  An adder (D:7)
  An adder skeleton (D:6)
  A dart slug (D:5)
  7 orcs
  A bat zombie (D:9)
  3 kobolds (D:11)
  A quokka skeleton (D:7)
43 creatures vanquished.

Vanquished Creatures (others)
  13 hexers
  2 ancestors
  12 spectral weapons
27 creatures vanquished.

Grand Total: 412 creatures vanquished

Notes
Turn   | Place    | Note
-------+----------+-------------------------------------------
     0 | D:1      | troglodite the Gnoll Skald began the quest for the Orb.
     0 | D:1      | Reached XP level 1. HP: 20/20 MP: 6/6
    91 | D:1      | Reached XP level 2. HP: 22/26 MP: 7/7
   251 | D:1      | Reached XP level 3. HP: 26/31 MP: 9/9
   267 | D:1      | Reached skill level 5 in Spellcasting
   635 | D:2      | Reached skill level 1 in Invocations
   769 | D:2      | Reached skill level 1 in Short Blades
   769 | D:2      | Reached skill level 1 in Long Blades
   769 | D:2      | Reached skill level 1 in Axes
   769 | D:2      | Reached skill level 1 in Polearms
   769 | D:2      | Reached skill level 1 in Staves
   769 | D:2      | Reached skill level 1 in Slings
   769 | D:2      | Reached skill level 1 in Bows
   769 | D:2      | Reached skill level 1 in Crossbows
   769 | D:2      | Reached skill level 1 in Throwing
   769 | D:2      | Reached skill level 1 in Stealth
   769 | D:2      | Reached skill level 1 in Shields
   769 | D:2      | Reached skill level 1 in Unarmed Combat
   769 | D:2      | Reached skill level 1 in Evocations
   800 | D:2      | Noticed Natasha
   817 | D:2      | Killed Natasha
   817 | D:2      | Reached XP level 4. HP: 7/38 MP: 11/11
  1077 | D:2      | Noticed Sigmund
  1173 | D:1      | Learned a level 3 spell: Spectral Weapon
  1177 | D:1      | Learned a level 3 spell: Regeneration
  1267 | D:2      | Noticed Natasha
  1289 | D:2      | Killed Natasha
  1289 | D:2      | Reached skill level 1 in Conjurations
  1289 | D:2      | Reached skill level 1 in Hexes
  1289 | D:2      | Reached skill level 1 in Summonings
  1289 | D:2      | Reached skill level 1 in Necromancy
  1289 | D:2      | Reached skill level 1 in Translocations
  1289 | D:2      | Reached skill level 1 in Transmutations
  1289 | D:2      | Reached skill level 1 in Fire Magic
  1289 | D:2      | Reached skill level 1 in Ice Magic
  1289 | D:2      | Reached skill level 1 in Air Magic
  1289 | D:2      | Reached skill level 1 in Earth Magic
  1289 | D:2      | Reached skill level 1 in Poison Magic
  1289 | D:2      | Reached XP level 5. HP: 12/43 MP: 6/12
  1543 | D:2      | Noticed Natasha
  1555 | D:2      | Killed Natasha
  2120 | D:3      | Noticed Terence
  2134 | D:3      | Killed Terence
  2134 | D:3      | Reached XP level 6. HP: 50/50 MP: 7/13
  2565 | D:4      | Noticed a slave
  2566 | D:4      | Noticed a slave
  2566 | D:4      | Noticed a slave
  2566 | D:4      | Noticed Pikel
  2567 | D:4      | Noticed a slave
  2612 | D:3      | Killed a slave
  2764 | D:4      | Reached skill level 5 in Fighting
  2764 | D:4      | Reached skill level 5 in Maces & Flails
  2764 | D:4      | Reached skill level 5 in Dodging
  2839 | D:4      | Reached XP level 7. HP: 52/56 MP: 12/15
  3256 | D:3      | Killed Pikel
  3256 | D:3      | Reached XP level 8. HP: 43/63 MP: 8/16
  3658 | D:5      | Entered Level 5 of the Dungeon
  3658 | D:5      | Found a hazy altar of Hepliaklqana.
  3684 | D:5      | Became a worshipper of Hepliaklqana the Forgotten
  3708 | D:5      | Found Uvidemya's Antique Armour Emporium.
  3715 | D:5      | Noticed Edmund
  4017 | D:5      | Killed Edmund
  4096 | D:5      | Found a runed translucent door.
  4097 | D:5      | Noticed Crazy Yiuf
  4120 | D:5      | Killed Crazy Yiuf
  4223 | D:5      | Reached XP level 9. HP: 56/62 MP: 18/18
  4466 | D:5      | Bought a heavily runed scale mail for 234 gold pieces
  4476 | D:5      | Identified the +6 scale mail of the Eternal Void {rC+} (You
                  | bought it in a shop on level 5 of the Dungeon)
  4816 | D:6      | Found a blossoming altar of Fedhas.
  4927 | D:6      | Noticed Grinder
  4931 | D:6      | Paralysed by Grinder for 5 turns
  4943 | D:6      | Killed Grinder
  5018 | D:6      | Reached skill level 5 in Armour
  5065 | D:6      | Reached * piety under Hepliaklqana
  5709 | D:7      | Found a staircase to the Ecumenical Temple.
  6007 | D:8      | Reached skill level 5 in Invocations
  6124 | D:8      | Learned a level 3 spell: Vampiric Draining
  6126 | D:8      | Learned a level 1 spell: Pain
  6166 | D:8      | Reached XP level 10. HP: 69/69 MP: 20/20
  6229 | D:8      | Reached ** piety under Hepliaklqana
  6247 | D:8      | Remembered your ancestor Mirna as a hexer
  6348 | D:8      | Got a jewelled chain mail
  6354 | D:8      | Reached skill level 5 in Short Blades
  6354 | D:8      | Reached skill level 5 in Long Blades
  6354 | D:8      | Reached skill level 5 in Axes
  6354 | D:8      | Reached skill level 5 in Polearms
  6354 | D:8      | Reached skill level 5 in Staves
  6354 | D:8      | Reached skill level 5 in Slings
  6354 | D:8      | Reached skill level 5 in Bows
  6354 | D:8      | Reached skill level 5 in Crossbows
  6354 | D:8      | Reached skill level 5 in Throwing
  6354 | D:8      | Reached skill level 5 in Stealth
  6354 | D:8      | Reached skill level 5 in Shields
  6354 | D:8      | Reached skill level 5 in Unarmed Combat
  6354 | D:8      | Reached skill level 5 in Evocations
  6386 | D:8      | Identified the +6 chain mail "Zeedafin" {Int+5 Slay+3} (You
                  | found it on level 8 of the Dungeon)
  6505 | D:8      | Found Meageleo's Antique Weapon Shop.
  6516 | D:8      | Noticed Joseph
  6532 | D:8      | Killed Joseph
  7119 | D:9      | Noticed a cyclops
  7130 | D:9      | Killed a cyclops
  7546 | D:9      | Noticed Erica
  7694 | D:9      | Killed Erica
  7774 | D:9      | Reached *** piety under Hepliaklqana
  7890 | D:9      | Reached XP level 11. HP: 72/75 MP: 18/22
  8043 | D:9      | Found an ancient bone altar of Kikubaaqudgha.
  8225 | D:10     | Entered Level 10 of the Dungeon
  8362 | D:10     | Reached skill level 5 in Conjurations
  8362 | D:10     | Reached skill level 5 in Hexes
  8362 | D:10     | Reached skill level 5 in Summonings
  8362 | D:10     | Reached skill level 5 in Necromancy
  8362 | D:10     | Reached skill level 5 in Translocations
  8362 | D:10     | Reached skill level 5 in Transmutations
  8362 | D:10     | Reached skill level 5 in Fire Magic
  8362 | D:10     | Reached skill level 5 in Ice Magic
  8362 | D:10     | Reached skill level 5 in Air Magic
  8362 | D:10     | Reached skill level 5 in Earth Magic
  8362 | D:10     | Reached skill level 5 in Poison Magic
  8691 | D:10     | Found a staircase to the Lair.
  9008 | D:10     | Found an opulent altar of Gozag.
  9010 | D:10     | Found Gozag's Platinum Reserve.
  9551 | D:11     | Noticed Psyche
  9568 | D:11     | Killed Psyche
  9697 | D:11     | Noticed an obsidian statue
  9705 | D:11     | Identified the +10 quarterstaff of Barom {crush, rF+ Str-3
                  | Dex+6}
  9826 | D:11     | Noticed a cyclops
  9840 | D:11     | Killed a cyclops
  9840 | D:11     | Reached XP level 12. HP: 50/83 MP: 24/24
 10558 | D:11     | Reached **** piety under Hepliaklqana
 11058 | D:12     | Found a staircase to the Orcish Mines.
 11928 | D:12     | Got a steaming quarterstaff
 12008 | D:11     | Identified the cursed +0 quarterstaff "Liok" {freeze, Str-2
                  | Int+5} (You found it on level 12 of the Dungeon)
 12178 | D:13     | Noticed an ogre mage
 12180 | D:13     | Noticed a two-headed ogre
 12194 | D:13     | Noticed a two-headed ogre
 12269 | Orc:1    | Entered Level 1 of the Orcish Mines
 12269 | Orc:1    | Found a roughly hewn altar of Beogh.
 12417 | Orc:1    | Noticed an ettin
 12424 | Orc:1    | Killed an ettin
 12428 | Orc:1    | Found a frozen archway.
 12466 | IceCv    | Entered an ice cave
 12709 | IceCv    | Reached XP level 13. HP: 86/90 MP: 26/26
 13317 | IceCv    | Noticed a frost giant
 13494 | IceCv    | Killed from afar by a frost giant

Skill      XL: |  1  2  3  4  5  6  7  8  9 10 11 12 13 |
---------------+----------------------------------------+-----
Spellcasting   | 5 6 7 8 9 |  9.5
Invocations    | 1 2 3 4 5 6 7 8 |  8.8
Short Blades   | 1 2 3 4 5 6 7 8 |  8.1
Long Blades    | 1 2 3 4 5 6 7 8 |  8.1
Axes           | 1 2 3 4 5 6 7 8 |  8.1
Polearms       | 1 2 3 4 5 6 7 8 |  8.1
Staves         | 1 2 3 4 5 6 7 8 |  8.1
Slings         | 1 2 3 4 5 6 7 8 |  8.1
Bows           | 1 2 3 4 5 6 7 8 |  8.1
Crossbows      | 1 2 3 4 5 6 7 8 |  8.1
Throwing       | 1 2 3 4 5 6 7 8 |  8.1
Stealth        | 1 2 3 4 5 6 7 8 |  8.1
Shields        | 1 2 3 4 5 6 7 8 |  8.1
Unarmed Combat | 1 2 3 4 5 6 7 8 |  8.1
Evocations     | 1 2 3 4 5 6 7 8 |  8.1
Conjurations   | 1 2 3 4 5 6 |  6.7
Hexes          | 1 2 3 4 5 6 |  6.7
Summonings     | 1 2 3 4 5 6 |  6.7
Necromancy     | 1 2 3 4 5 6 |  6.7
Translocations | 1 2 3 4 5 6 |  6.7
Transmutations | 1 2 3 4 5 6 |  6.7
Fire Magic     | 1 2 3 4 5 6 |  6.7
Ice Magic      | 1 2 3 4 5 6 |  6.7
Air Magic      | 1 2 3 4 5 6 |  6.7
Earth Magic    | 1 2 3 4 5 6 |  6.7
Poison Magic   | 1 2 3 4 5 6 |  6.7
Armour         | 3 4 5 6 7 8 |  8.5
Fighting       | 5 6 7 8 9 |  9.3
Maces & Flails | 5 6 7 8 9 |  9.3
Dodging        | 5 6 7 8 9 |  9.3
Charms         | 6 7 8 |  8.8

Action                   |  1- 3 |  4- 6 |  7- 9 | 10-12 | 13-15 || total
-------------------------+-------+-------+-------+-------+-------++-------
Melee: Mace              |   113 |   209 |   202 |       |       ||   524
       Bite              |     9 |    22 |    32 |    72 |    23 ||   158
       Punch             |       |     1 |     5 |     5 |       ||    11
       Flail             |       |       |    46 |       |       ||    46
       Trident           |       |       |    50 |   516 |       ||   566
       Quarterstaff      |       |       |       |    98 |   149 ||   247
 Cast: Infusion          |       |     3 |       |       |       ||     3
       Spectral Weapon   |       |     5 |    22 |    42 |     3 ||    72
       Vampiric Draining |       |       |       |     4 |       ||     4
       Pain              |       |       |       |     6 |       ||     6
Invok: Recall Ancestor   |       |       |     2 |     1 |       ||     3
       Ancestor Life: He |       |       |       |     1 |       ||     1
  Use: Scroll            |     4 |       |     4 |    25 |       ||    33
 Stab: Distracted        |       |       |     8 |    10 |     5 ||    23
       Sleeping          |       |       |     3 |     3 |       ||     6
       Confused          |       |       |       |     3 |     3 ||     6
  Eat: Chunk             |       |     7 |     9 |    17 |     2 ||    35
       Ration            |       |       |     1 |     4 |       ||     5
Armor: Leather armour    |    39 |    67 |       |       |       ||   106
       Scale mail        |       |    28 |   109 |    10 |       ||   147
       Robe              |       |       |    40 |       |       ||    40
       Chain mail        |       |       |       |   304 |   103 ||   407
Dodge: Dodged            |   114 |   166 |   288 |   256 |   108 ||   932
Block: Buckler           |       |       |       |    53 |       ||    53
